 Dungeon Sprint DCSS version 0.20-a0-1117-g62da73f (webtiles) character file.

18002 Kidiri the Eclecticist (level 12, -15/75 HPs)
             Began as a Deep Elf Fire Elementalist on May 9, 2017.
             Was the Champion of Vehumet.
             Demolished by a dire elephant (28 damage)
             ... in the Dungeon (Sprint III: "The Ten Rune Challenge").
             The game lasted 00:25:23 (4576 turns).

Kidiri the Eclecticist (Deep Elf Fire Elementalist) Turns: 4576, Time: 00:25:24

Health: -15/75     AC:  5    Str:  5    XL:     12   Next: 23%
Magic:  14/35      EV: 21    Int: 26    God:    Vehumet [******]
Gold:   3812       SH:  7    Dex: 15    Spells: 1/46 levels left

rFire    . . .     SeeInvis .   l - +0 dagger
rCold    . . .     Gourm    .   n - +1 buckler
rNeg     . . .     Faith    .   a - +0 robe
rPois    .         Spirit   .   (helmet restricted)
rElec    .         Reflect  .   m - +1 cloak
rCorr    .         Harm     .   (no gloves)
MR       +....     NoTele   +   (no boots)
Stlth    ++........             (no amulet)
Regen    0.3/turn               (no ring)
MPRegen  0.3/turn               (no ring)

@: no status effects
A: beak, claws 1
a: Renounce Religion


You were in the Dungeon.
You worshipped Vehumet.
Vehumet was exalted by your worship.
You were full.

You visited 1 branch You collected 4288 gold pieces.
You spent 476 gold pieces at shops.

Inventory:

Hand Weapons
 l - a +0 dagger (weapon)
Armour
 a - a +0 robe (worn)
 m - a +1 cloak (worn)
 n - a +1 buckler (worn)
Wands
 u - a wand of confusion (22/48)
Scrolls
 o - a scroll of torment
 p - a scroll of identify
 q - 3 scrolls of remove curse
 r - a scroll of recharging
 t - a scroll of immolation
 v - a scroll of fog
Potions
 d - a potion of might
 e - a potion of heal wounds
 f - a potion of haste
 g - a potion of magic
 h - a potion of berserk rage
 s - 4 potions of flight
Comestibles
 c - 2 bread rations
 j - 19 royal jellies


   Skills:
 + Level 8.6 Fighting
 - Level 9.8 Short Blades
 + Level 8.7 Armour
 - Level 12.3 Dodging
 - Level 2.4 Stealth
 + Level 6.8 Shields
 * Level 17.6 Spellcasting
 + Level 11.0 Conjurations
 + Level 11.7 Fire Magic
 + Level 1.2 Ice Magic
 + Level 8.6 Air Magic
 + Level 2.8 Earth Magic
 + Level 9.6 Poison Magic


You had one spell level left.
You knew the following spells:

 Your Spells              Type           Power        Failure   Level  Hunger
a - Flame Tongue          Conj/Fire      #####        0%          1    None
b - Throw Flame           Conj/Fire      ######       1%          2    None
c - Conjure Flame         Conj/Fire      ######..     1%          3    None
d - Inner Flame           Hex/Fire       ######..     1%          3    None
e - Ignite Poison         Fire/Tmut/Pois ######..     1%          3    None
f - Sticky Flame          Conj/Fire      ######..     1%          4    None
g - Fireball              Conj/Fire      ######....   1%          5    None
h - Mephitic Cloud        Conj/Pois/Air  ######..     1%          3    None
i - Airstrike             Air            ######....   1%          4    None
j - Venom Bolt            Conj/Pois      ######....   1%          5    None
k - Iron Shot             Conj/Erth      ######....   5%          6    ###....
l - Freezing Cloud        Conj/Ice/Air   ######....   5%          6    ###....


Dungeon Overview and Level Annotations

Branches:
Dungeon (1/1)

Altars:
Cheibriados
Dithmenos
Elyvilon
Fedhas
Gozag
Hepliaklqana
Kikubaaqudgha
Makhleb
Nemelex Xobeh
Okawaru
Qazlal
Ru
Sif Muna
Trog
Uskayaw
Vehumet
Wu Jian
Xom
Yredelemnul
Zin
The Shining One
Beogh
Jiyva
Lugonu

Shops:
D ?

Annotations:
D exclusion: 3 doors, Gastronok


Innate Abilities, Weirdness & Mutations

You have a beak for a mouth.
You have sharp fingernails.


Message History

You stumble backwards!
Gastronok's eyestalks quiver as he mumbles some strange words.
Gastronok puts on a burst of speed!
Casting: Venom Bolt
Confirm with . or Enter, or press ? or * to list all spells.
Aiming: Venom Bolt
Press: ? - help, Shift-Dir - straight line, f/p - Gastronok
Aim: Gastronok, wearing a glowing hat (almost dead, covering ground quickly)
The bolt of poison hits the dire elephant.
The dire elephant looks even sicker.
The dire elephant is almost dead.
The bolt of poison hits the dire elephant.
The dire elephant looks even sicker.
You kill the dire elephant!
Vehumet accepts your kill.
You feel your power returning.
Your Conjurations skill increases to level 11!
Your Ice Magic skill increases to level 1!
The dire elephant tramples you!!
You die...

#..# #..#####....#___#__+.
▓▓▓▓▓▓▓▓▓▓▓▓▓▓▓▓▓▓▓▓▓▓▓▓▓▓
▓..Y+.≈§§§≈§≈≈♣♣.....♣♣♣♣≈
▓.YP#≈≈§§§§≈.≈♣♣.≈≈≈≈'♣♣'♣
▓.PP#≈≈.≈§§≈≈≈≈'.....#.≈♣♣
▓..P#≈..§§§§≈≈♣♣♣♣♣♣♣#..♣♣
*..)#≈.≈≈≈≈§≈≈♣ ###+♣
▓##Y####'#######♣ ♣♣♣♣.#
▓..wY.†.Y@).....♣♣ ♣...##
▓#+#############'♣ ♣♣.##.
*.JJ#≈.......%%..♣ ♣..#.
▓..J+≈≈...########♣♣ ♣♣.##
▓J..#≈≈≈.........PP♣ ♣♣.##
▓...#≈≈≈≈...PP....P♣ ♣....
#+#############+#### #####
**,****** #D♣* **,*,,,***
#♣h*


You could see Gastronok, a dire elephant and 2 elephants.

Vanquished Creatures
  Rupert (D)
  A dire elephant (D)
  Josephine (D)
  A centaur warrior (D)
  4 death yaks (D)
  Urug (D)
  An orc high priest (D)
  An unseen horror (D)
  2 orc knights (D)
  A lindwurm (D)
  A deep elf mage (D)
  2 black mambas (D)
  2 spiny frogs (D)
  A komodo dragon (D)
  3 wandering mushrooms (D)
  2 tyrant leeches (D)
  A queen bee (D)
  8 blink frogs (D)
  3 redbacks (D)
  A shadow (D)
  A spatial vortex (D)
  2 orc warriors (D)
  A swamp drake (D)
  A necrophage (D)
  2 centaurs (D)
  A water elemental (D)
  32 killer bees (D)
  3 orc priests (D)
  A jelly (D)
  2 orc wizards (D)
  Crazy Yiuf (D)
  A wizard (D)
  Jessica (D)
  A necromancer (D)
  3 humans (D)
  A kobold demonologist (D)
  2 oozes (D)
  8 orcs (D)
  A rat (D)
103 creatures vanquished.

Vanquished Creatures (others)
  2 draconian scorchers (D)
  6 hellions (D)
  A rime drake (D)
  3 yaktaurs (D)
  An electric eel (D)
  3 plants (D)
16 creatures vanquished.

Grand Total: 119 creatures vanquished

Notes
Turn   | Place    | Note
-------+----------+-------------------------------------------
     0 | D        | Kidiri the Deep Elf Fire Elementalist began the quest for the Orb.
     0 | D        | Reached XP level 1. HP: 10/10 MP: 6/6
    40 | D        | Reached skill level 1 in Fighting
    40 | D        | Reached skill level 4 in Spellcasting
    40 | D        | Reached XP level 2. HP: 9/16 MP: 5/9
    51 | D        | Learned a level 2 spell: Throw Flame
   114 | D        | Killed a hellion
   117 | D        | Killed a hellion
   180 | D        | Killed a hellion
   182 | D        | Killed a hellion
   183 | D        | Killed a white draconian scorcher
   188 | D        | Noticed Jessica
   192 | D        | Killed Jessica
   192 | D        | Reached skill level 1 in Armour
   192 | D        | Reached skill level 5 in Spellcasting
   192 | D        | Reached XP level 3. HP: 20/20 MP: 7/11
   197 | D        | Learned a level 3 spell: Conjure Flame
   199 | D        | Killed a hellion
   201 | D        | Learned a level 3 spell: Inner Flame
   234 | D        | Killed a yaktaur
   235 | D        | Killed a white draconian scorcher
   259 | D        | Killed a hellion
   367 | D        | Noticed Crazy Yiuf
   369 | D        | Killed Crazy Yiuf
   369 | D        | Reached skill level 1 in Short Blades
   369 | D        | Reached skill level 6 in Spellcasting
   369 | D        | Reached XP level 4. HP: 26/26 MP: 11/14
   375 | D        | Learned a level 4 spell: Sticky Flame
   400 | D        | Gained mutation: Your spells are a little easier to cast, but a little less powerful. [potion of mutation]
   400 | D        | Gained mutation: You possess an exceptional clarity of mind. [potion of mutation]
   401 | D        | Lost mutation: Your spells are a little easier to cast, but a little less powerful. [potion of mutation]
   401 | D        | Lost mutation: You possess an exceptional clarity of mind. [potion of mutation]
   401 | D        | Gained mutation: You have sharp fingernails. [potion of mutation]
   401 | D        | Gained mutation: You have a beak for a mouth. [potion of mutation]
   454 | D        | Noticed a water elemental
   457 | D        | Killed a water elemental
   457 | D        | Reached skill level 5 in Dodging
   457 | D        | Reached skill level 7 in Spellcasting
   457 | D        | Reached skill level 5 in Fire Magic
   457 | D        | Reached XP level 5. HP: 31/31 MP: 9/16
   472 | D        | Learned a level 5 spell: Fireball
   500 | D        | Found a radiant altar of Vehumet.
   502 | D        | Found a deep blue altar of Sif Muna.
   502 | D        | Found an ancient bone altar of Kikubaaqudgha.
   504 | D        | Reached skill level 8 in Spellcasting
   525 | D        | Became a worshipper of Vehumet
   567 | D        | Found a glowing silver altar of Zin.
   568 | D        | Found a glowing golden altar of the Shining One.
   568 | D        | Found a white marble altar of Elyvilon.
   568 | D        | Noticed a deep elf mage
   577 | D        | Killed a deep elf mage
   577 | D        | Reached skill level 10 in Spellcasting
   577 | D        | Reached skill level 5 in Conjurations
   577 | D        | Reached XP level 6. HP: 29/39 MP: 13/21
   577 | D        | Reached XP level 7. HP: 33/44 MP: 14/23
   582 | D        | Learned a level 3 spell: Mephitic Cloud
   653 | D        | Found a hide-covered altar of Uskayaw.
   653 | D        | Found a roughly hewn altar of Beogh.
   653 | D        | Found an iron altar of Okawaru.
   653 | D        | Found a bloodstained altar of Trog.
   653 | D        | Found an ornate altar of the Wu Jian Council.
   653 | D        | Noticed a human
   655 | D        | Noticed a human
   661 | D        | Killed a human
   661 | D        | Reached skill level 5 in Short Blades
   661 | D        | Reached skill level 11 in Spellcasting
   661 | D        | Reached skill level 1 in Air Magic
   661 | D        | Reached skill level 1 in Poison Magic
   674 | D        | Killed a human
   674 | D        | Reached * piety under Vehumet
   674 | D        | Offered knowledge of Shock by Vehumet.
   783 | D        | Found a basalt altar of Yredelemnul.
   783 | D        | Found a shadowy altar of Dithmenos.
   783 | D        | Found a sacrificial altar of Ru.
   910 | D        | Noticed a shadow
   912 | D        | Reached ** piety under Vehumet
   912 | D        | Offered knowledge of Sandblast by Vehumet.
   913 | D        | Killed a shadow
   913 | D        | Reached skill level 5 in Fighting
   913 | D        | Reached skill level 5 in Armour
   913 | D        | Reached skill level 1 in Shields
   913 | D        | Reached XP level 8. HP: 20/49 MP: 16/25
  1009 | D        | Killed a yaktaur
  1097 | D        | Found a blossoming altar of Fedhas.
  1097 | D        | Found a stormy altar of Qazlal.
  1097 | D        | Found a snail-covered altar of Cheibriados.
  1097 | D        | Found a burning altar of Makhleb.
  1097 | D        | Found a shimmering altar of Xom.
  1098 | D        | Found a hazy altar of Hepliaklqana.
  1098 | D        | Found an opulent altar of Gozag.
  1098 | D        | Found a sparkling altar of Nemelex Xobeh.
  1098 | D        | Found a corrupted altar of Lugonu.
  1098 | D        | Found a viscous altar of Jiyva.
  1110 | D        | Killed a yaktaur
  1116 | D        | Offered knowledge of Ignite Poison by Vehumet.
  1121 | D        | Learned a level 3 spell: Ignite Poison
  1198 | D        | Noticed Josephine
  1216 | D        | Killed Josephine
  1216 | D        | Reached skill level 12 in Spellcasting
  1216 | D        | Reached XP level 9. HP: 19/54 MP: 14/27
  1647 | D        | Noticed a centaur warrior
  1651 | D        | Reached *** piety under Vehumet
  1652 | D        | Killed a centaur warrior
  1652 | D        | Offered knowledge of Airstrike by Vehumet.
  1652 | D        | Reached skill level 13 in Spellcasting
  1652 | D        | Reached skill level 5 in Poison Magic
  1658 | D        | Learned a level 4 spell: Airstrike
  1882 | D        | Noticed an unseen horror
  1888 | D        | Killed an unseen horror
  1888 | D        | Reached skill level 5 in Air Magic
  2203 | D        | Noticed a queen bee
  2207 | D        | Reached **** piety under Vehumet
  2210 | D        | Offered knowledge of Bolt of Draining by Vehumet.
  2212 | D        | Reached ***** piety under Vehumet
  2216 | D        | Killed a queen bee
  2222 | D        | Reached skill level 14 in Spellcasting
  2222 | D        | Reached XP level 10. HP: 61/61 MP: 8/30
  2226 | D        | Reached ****** piety under Vehumet
  2226 | D        | Reached skill level 10 in Dodging
  2465 | D        | Offered knowledge of Force Lance by Vehumet.
  2628 | D        | Noticed a spiny frog
  2628 | D        | Noticed a spiny frog
  2642 | D        | Killed a spiny frog
  2646 | D        | Killed a spiny frog
  2923 | D        | Reached skill level 15 in Spellcasting
  2930 | D        | Reached skill level 10 in Fire Magic
  2934 | D        | Offered knowledge of Venom Bolt by Vehumet.
  2942 | D        | Learned a level 5 spell: Venom Bolt
  3026 | D        | Noticed a lindwurm
  3030 | D        | Killed a lindwurm
  3030 | D        | Reached skill level 5 in Shields
  3174 | D        | Noticed Urug
  3185 | D        | Killed Urug
  3185 | D        | Reached XP level 11. HP: 44/67 MP: 15/32
  3318 | D        | Offered knowledge of Conjure Ball Lightning by Vehumet.
  3597 | D        | Noticed Rupert
  3608 | D        | Killed Rupert
  3608 | D        | Reached skill level 16 in Spellcasting
  3608 | D        | Reached skill level 10 in Conjurations
  3717 | D        | Noticed a death yak
  3718 | D        | Noticed a death yak
  3721 | D        | Noticed a death yak
  3722 | D        | Killed a death yak
  3723 | D        | Offered knowledge of Iron Shot by Vehumet.
  3725 | D        | Noticed a death yak
  3726 | D        | Killed a death yak
  3726 | D        | Killed a death yak
  3732 | D        | Reached skill level 17 in Spellcasting
  3934 | D        | Learned a level 6 spell: Iron Shot
  3940 | D        | Killed a death yak
  3941 | D        | Reached skill level 1 in Earth Magic
  3942 | D        | Offered knowledge of Freezing Cloud by Vehumet.
  4016 | D        | Noticed an azure jelly
  4016 | D        | Noticed an azure jelly
  4082 | D        | Noticed a fire dragon
  4271 | D        | Noticed an orc knight
  4274 | D        | Reached XP level 12. HP: 62/75 MP: 27/35
  4277 | D        | Noticed an orc high priest
  4281 | D        | Killed an orc high priest
  4301 | D        | Learned a level 6 spell: Freezing Cloud
  4307 | D        | Offered knowledge of Bolt of Fire by Vehumet.
  4316 | D        | Found Urchau's Magic Scroll Shoppe.
  4365 | D        | Bought a scroll of enchant armour for 105 gold pieces
  4365 | D        | Bought a scroll of magic mapping for 49 gold pieces
  4365 | D        | Bought a scroll of identify for 28 gold pieces
  4365 | D        | Bought a scroll of recharging for 133 gold pieces
  4365 | D        | Bought a scroll of identify for 28 gold pieces
  4365 | D        | Bought a scroll of enchant armour for 105 gold pieces
  4365 | D        | Bought a scroll of fog for 28 gold pieces
  4567 | D        | Noticed an azure jelly
  4567 | D        | Noticed an azure jelly
  4568 | D        | Noticed a dire elephant
  4568 | D        | Noticed a dire elephant
  4568 | D        | Noticed Gastronok
  4576 | D        | Killed a dire elephant
  4576 | D        | Reached skill level 1 in Ice Magic
  4576 | D        | Demolished by a dire elephant

Vault maps used:
D:        dungeon_sprint_mu

Skill      XL: |  1  2  3  4  5  6  7  8  9 10 11 12 |
---------------+-------------------------------------+-----
Fighting       | 1 2 4 5 6 7 8 |  8.6
Dodging        | 3 4 5 7 8 9 11 12 | 12.3
Spellcasting   | 4 5 6 7 10 11 12 14 15 17 | 17.6
Armour         | 1 2 4 5 6 7 8 |  8.7
Conjurations   | 2 3 5 6 7 8 9 10 11 | 11.0
Fire Magic     | 4 5 7 8 9 10 11 | 11.7
Short Blades   | 1 2 4 5 6 7 8 9 |  9.8
Air Magic      | 2 4 5 6 8 |  8.6
Poison Magic   | 2 4 5 7 9 |  9.6
Shields        | 1 2 3 5 6 |  6.8
Earth Magic    | 1 2 |  2.8
Ice Magic      | 1 |  1.2
Stealth        | |  2.4

Action                   |  1- 3 |  4- 6 |  7- 9 | 10-12 || total
-------------------------+-------+-------+-------+-------++-------
Melee: Dagger            |       |     1 |     7 |    12 ||    20
       Peck              |       |       |     5 |       ||     5
 Cast: Flame Tongue      |    21 |     5 |    52 |    42 ||   120
       Throw Flame       |     1 |       |     1 |       ||     2
       Conjure Flame     |       |     1 |     6 |     6 ||    13
       Sticky Flame      |       |     3 |     6 |    13 ||    22
       Mephitic Cloud    |       |       |     6 |     9 ||    15
       Inner Flame       |       |       |     3 |     3 ||     6
       Ignite Poison     |       |       |     6 |     8 ||    14
       Fireball          |       |       |     1 |     3 ||     4
       Venom Bolt        |       |       |       |    41 ||    41
  Use: Potion            |     2 |     2 |       |     2 ||     6
       Scroll            |       |     3 |       |     5 ||     8
 Stab: Sleeping          |       |       |       |     1 ||     1
  Eat: Fruit             |       |       |     3 |       ||     3
       Royal jelly       |       |       |     2 |     5 ||     7
       Chunk             |       |       |       |     1 ||     1
Armor: Robe              |       |       |       |     1 ||     1
Dodge: Dodged            |     9 |       |    13 |    29 ||    51
Block: Buckler           |       |       |     3 |     5 ||     8
